Map: Year Zero LE

Players

brueda - Winner!

  • Race: Zerg Zerg
  • League: Master, Master
  • Spawn Location: 1:00

Enterprise

  • Race: Zerg Zerg
  • League: Master
  • Spawn Location: 11:00

Enterprise

  • Race: Zerg Zerg
  • League: Master
  • Spawn Location: 11:00

VOD

Have the link to the VOD?

Description

Time

  • Played on: March 21, 2019, 10:21 p.m.
  • Length: 18:58
Show
View Real Time Build Order
Export as new Build Order

brueda Zerg - Winner!

Build Orders: Hatch First 

Get SALT Encoding   

  12  0:01  Drone  
  13  0:15  Overlord  
  13  0:19  Drone  
  14  0:35  Drone x2  
  16  0:49  Hatchery  
  15  0:53  Drone  
  16  0:57  Drone  
  16  1:02  Drone  
  18  1:11  Extractor  
  18  1:17  Spawning Pool  
  16  1:20  Drone  
  16  1:23  Drone  
  18  1:33  Drone  
  20  1:54  Drone x2  
  21  2:02  Drone  
  21  2:05  Queen x2  
  21  2:06  Overlord  
  26  2:14  Drone  
  27  2:16  Drone  
  27  2:19  Metabolic Boost  
  28  2:26  Zergling x2  
  28  2:29  Zergling x2  
  30  2:39  Hatchery  
  30  2:44  Drone x2  
  31  2:48  Overlord  
  31  3:04  Drone x3  
  34  3:10  Zergling x4  
  36  3:16  Zergling x4  
  36  3:17  Zergling x8  
  42  3:24  Roach Warren  
  41  3:28  Overlord  
  41  3:38  Zergling x2  
  41  3:39  Zergling x4  
  42  3:48  Baneling Nest  
  42  3:51  Overlord x2  
  42  3:53  Zergling x4  
  40  4:11  Roach x5  
  40  4:16  Roach  
  51  4:23  Roach x2  
  51  4:33  Baneling x4  
  51  4:36  Zergling x2  
  51  4:37  Zergling x8  
  56  4:39  Zergling x2  
  56  4:43  Zergling x4  
  59  4:48  Zergling x2  
  59  4:49  Zergling x2  
  61  4:56  Zergling x2  
  61  4:57  Zergling x4  
  64  5:01  Zergling x4  
  64  5:02  Zergling x2  
  64  5:03  Baneling  
  64  5:06  Baneling x2  
  67  5:15  Zergling x4  
  67  5:16  Zergling x4  
  61  5:33  Zergling x16  
  63  5:36  Zergling x2  
  63  5:42  Zergling x6  
  65  5:46  Zergling x2  
  65  5:49  Zergling x2  
  65  5:52  Zergling x4  
  65  5:56  Zergling x4  
  49  6:06  Drone x4  
  49  6:11  Drone x2  
  54  6:16  Evolution Chamber  
  54  6:17  Drone  
  54  6:24  Lair  
  51  6:30  Drone x3  
  54  6:41  Roach x2  
  54  6:42  Roach x2  
  54  6:46  Roach  
  64  6:59  Overlord x3  
  64  7:04  Zerg Missile Weapons Level 1  
  64  7:12  Drone x2  
  64  7:13  Drone x3  
  64  7:15  Extractor  
  67  7:19  Drone x5  
  72  7:27  Overlord x2  
  72  7:29  Extractor  
  71  7:39  Overseer  
  71  7:41  Drone x8  
  79  7:50  Overlord  
  79  7:51  Overlord  
  79  7:53  Roach x2  
  83  8:00  Roach x2  
  83  8:01  Roach  
  83  8:05  Overlord  
  88  8:06  Roach  
  88  8:08  Roach  
  92  8:13  Extractor  
  92  8:17  Roach x2  
  95  8:26  Roach x3  
  101  8:31  Roach  
  103  8:37  Roach  
  103  8:38  Roach  
  103  8:40  Zergling x8  
  111  8:46  Roach x2  
  111  8:47  Roach  
  117  8:50  Overlord x2  
  117  8:52  Roach x2  
  121  9:01  Roach  
  121  9:02  Roach x2  
  121  9:08  Roach x2  
  119  9:19  Roach x3  
  119  9:22  Ravager  
  126  9:26  Roach  
  126  9:27  Roach  
  126  9:28  Overlord x3  
  130  9:33  Roach x2  
  130  9:38  Overseer  
  134  9:41  Roach  
  136  9:51  Glial Reconstitution  
  134  10:06  Roach x7  
  145  10:10  Overlord x2  
  145  10:13  Overlord  
  144  10:16  Drone x3  
  144  10:17  Roach x2  
  151  10:28  Roach x4  
  159  10:42  Roach  
  159  10:43  Roach x3  
  159  10:49  Overlord x2  
  165  10:50  Roach  
  165  10:56  Zerg Missile Weapons Level 2, Extractor  
  164  10:57  Extractor  
  158  11:04  Roach x4  
  160  11:17  Roach x6  
  172  11:20  Burrow  
  163  11:32  Roach x5  
  151  11:39  Tunneling Claws  
  138  11:42  Roach x2  
  142  11:47  Overlord  
  142  11:51  Roach x4  
  150  11:56  Roach x2  
  151  12:13  Roach x6  
  163  12:24  Roach x4  
  171  12:34  Overlord  
  171  12:39  Roach  
  171  12:40  Roach x4  
  181  13:03  Roach x6  
  181  13:04  Roach x3  
  199  13:08  Overlord  
  197  13:21  Ravager x2  
  199  13:30  Roach x10  
  199  13:40  Roach x2  
  174  13:54  Roach x11  
  174  13:55  Roach x3  
  157  13:57  Roach x3  
  157  13:58  Overseer  
  157  14:02  Zerg Ground Armor Level 1  
  103  14:10  Roach x3  
  105  14:19  Ravager x4  
  105  14:21  Roach x2  
  105  14:27  Roach x5  
  115  14:37  Ravager x4  
  115  14:38  Ravager  
  118  14:41  Roach x3  
  124  14:47  Roach  
  122  14:57  Roach x2  
  122  14:58  Roach x2  
  130  15:04  Roach  
  130  15:05  Roach  
  134  15:13  Roach  
  134  15:14  Roach x3  
  142  15:19  Roach  
  142  15:20  Roach  
  144  15:22  Roach  
  144  15:26  Roach  
  148  15:40  Hydralisk Den  
  148  15:41  Roach x4  
  149  15:58  Roach x2  
  149  16:04  Hatchery  
  152  16:16  Roach x6  
  142  16:23  Roach x2  
  114  16:26  Roach  
  114  16:28  Roach  
  114  16:32  Roach  
  106  16:36  Roach  
  108  16:42  Roach x2  
  108  16:43  Roach  
  109  16:49  Roach x3  
  109  16:52  Ravager  
  109  16:53  Ravager  
  115  16:58  Roach x2  
  113  17:05  Roach x3  
  111  17:11  Roach x2  
  102  17:16  Roach x2  
  97  17:26  Roach  
  97  17:27  Roach x2  
  93  17:42  Roach x5  
  103  17:46  Roach x2  
  103  17:57  Roach  
  103  17:58  Roach x3  
  111  18:01  Ravager x2  
  111  18:02  Ravager x3  
  116  18:06  Roach  
  116  18:12  Roach x2  
  120  18:18  Roach x3  
  122  18:31  Overseer  
  122  18:32  Roach x4  
Show
View Real Time Build Order
Export as new Build Order

Enterprise Zerg 

Build Orders: Hatch First 

Get SALT Encoding   

  12  0:01  Drone  
  13  0:13  Overlord  
  13  0:18  Drone  
  14  0:31  Drone  
  14  0:32  Drone  
  14  0:35  Drone  
  17  0:53  Hatchery  
  17  0:56  Drone  
  17  0:59  Drone  
  18  1:08  Extractor  
  17  1:16  Spawning Pool  
  16  1:19  Drone  
  16  1:22  Drone  
  18  1:32  Drone  
  19  1:41  Overlord  
  19  2:03  Queen, Zergling x2  
  19  2:04  Zergling x2  
  19  2:05  Queen  
  25  2:09  Metabolic Boost  
  25  2:15  Drone  
  25  2:18  Drone  
  25  2:20  Drone  
  28  2:27  Drone  
  28  2:28  Drone  
  30  2:38  Drone  
  30  2:39  Drone  
  32  2:53  Drone  
  32  2:54  Overlord  
  33  3:01  Roach Warren  
  33  3:03  Evolution Chamber  
  31  3:12  Drone  
  31  3:13  Drone  
  31  3:14  Drone x5  
  37  3:22  Evolution Chamber  
  36  3:29  Zerg Missile Weapons Level 1  
  36  3:36  Queen  
  36  3:38  Lair  
  36  3:40  Drone x2  
  40  3:45  Zergling x2  
  41  3:53  Overlord, Extractor  
  41  3:54  Zergling x2  
  41  3:56  Zergling x6  
  41  4:01  Spine Crawler  
  39  4:16  Zergling x6  
  40  4:18  Roach  
  40  4:35  Evolution Chamber  
  39  4:42  Evolution Chamber  
  39  4:43  Roach x3  
  45  4:52  Roach x2  
  49  5:03  Drone x3  
  49  5:04  Overlord  
  52  5:24  Roach  
  52  5:25  Roach x3  
  60  5:31  Roach x2  
  50  5:36  Roach x3  
  50  5:39  Roach x2  
  57  5:43  Roach  
  59  5:51  Roach  
  59  5:55  Roach  
  53  6:12  Zergling x2  
  53  6:13  Zergling x4  
  56  6:19  Roach Warren  
  55  6:26  Zerg Missile Weapons Level 2  
  55  6:28  Drone x2  
  57  6:33  Extractor  
  56  6:49  Drone x4  
  56  6:53  Overseer  
  60  7:04  Glial Reconstitution  
  60  7:10  Overlord  
  60  7:14  Overlord  
  60  7:19  Overlord  
  60  7:20  Overlord  
  60  7:28  Drone  
  60  7:29  Drone  
  62  7:30  Drone x2  
  62  7:37  Drone  
  62  7:51  Roach  
  62  7:52  Roach x4  
  72  8:02  Queen  
  74  8:06  Roach  
  74  8:07  Roach x3  
  82  8:19  Roach x4  
  90  8:36  Roach  
  90  8:37  Overlord x2  
  92  8:42  Zerg Ground Armor Level 1  
  92  9:01  Roach  
  92  9:02  Roach x5  
  104  9:19  Ravager  
  104  9:20  Ravager  
  106  9:27  Roach  
  106  9:29  Overlord  
  106  9:30  Overlord  
  108  9:36  Hatchery  
  108  9:38  Ravager  
  108  9:40  Overlord  
  108  9:47  Extractor  
  107  9:59  Roach  
  113  10:00  Roach x6  
  121  10:09  Ravager  
  122  10:15  Roach x4  
  130  10:23  Drone x2  
  130  10:24  Overlord  
  132  10:44  Ravager  
  133  10:50  Zerg Ground Armor Level 2  
  133  10:52  Overlord  
  133  11:03  Roach x5  
  141  11:06  Ravager  
  142  11:12  Roach  
  142  11:13  Roach  
  110  11:37  Roach  
  110  11:38  Roach x7  
  113  11:57  Roach x3  
  113  11:58  Roach x2  
  123  12:13  Roach x4  
  131  12:26  Drone x2  
  133  12:39  Roach x6  
  145  12:52  Ravager x2  
  145  12:53  Ravager  
  148  13:01  Roach x3  
  154  13:07  Overseer  
  154  13:10  Overlord x3  
  152  13:19  Roach  
  154  13:31  Roach x5  
  164  13:40  Roach x2  
  168  13:47  Roach x3  
  152  13:55  Roach x2  
  124  14:00  Roach  
  124  14:01  Roach  
  98  14:09  Drone  
  87  14:32  Drone x6  
  91  14:47  Pneumatized Carapace  
  91  15:03  Roach  
  91  15:04  Roach x5  
  103  15:19  Roach x4, Overseer  
  111  15:28  Drone  
  112  15:36  Queen  
  114  15:47  Drone x2  
  116  15:50  Queen  
  118  15:59  Ravager  
  118  16:00  Ravager  
  120  16:07  Roach  
  98  16:18  Roach  
  98  16:19  Roach x6  
  98  16:23  Roach  
  63  16:40  Roach  
  63  16:41  Roach x4  
  63  16:47  Roach x2  
  67  16:51  Ravager  
  67  16:54  Roach  
  70  16:59  Roach x2  
  68  17:02  Ravager  
  68  17:04  Roach  
  67  17:11  Ravager  
  67  17:13  Roach  
  61  17:19  Ravager  
  61  17:20  Ravager  
  54  17:23  Roach  
  54  17:24  Roach  
  52  17:39  Drone x3  
  55  17:45  Drone  
  55  17:46  Drone x2  
  58  17:59  Drone  
  59  18:07  Hydralisk Den  
  59  18:12  Roach  
  59  18:13  Roach  
  61  18:33  Roach  
  71  18:34  Roach x4, Extractor  
  70  18:42  Lurker Den  
Show
View Real Time Build Order
Export as new Build Order

Enterprise Zerg 

Build Orders: Hatch First 

Get SALT Encoding   

  12  0:01  Drone  
  13  0:13  Overlord  
  13  0:18  Drone  
  14  0:31  Drone  
  14  0:32  Drone  
  14  0:35  Drone  
  17  0:53  Hatchery  
  17  0:56  Drone  
  17  0:59  Drone  
  18  1:08  Extractor  
  17  1:16  Spawning Pool  
  16  1:19  Drone  
  16  1:22  Drone  
  18  1:32  Drone  
  19  1:41  Overlord  
  19  2:03  Queen, Zergling x2  
  19  2:04  Zergling x2  
  19  2:05  Queen  
  25  2:09  Metabolic Boost  
  25  2:15  Drone  
  25  2:18  Drone  
  25  2:20  Drone  
  28  2:27  Drone  
  28  2:28  Drone  
  30  2:38  Drone  
  30  2:39  Drone  
  32  2:53  Drone  
  32  2:54  Overlord  
  33  3:01  Roach Warren  
  33  3:03  Evolution Chamber  
  31  3:12  Drone  
  31  3:13  Drone  
  31  3:14  Drone x5  
  37  3:22  Evolution Chamber  
  36  3:29  Zerg Missile Weapons Level 1  
  36  3:36  Queen  
  36  3:38  Lair  
  36  3:40  Drone x2  
  40  3:45  Zergling x2  
  41  3:53  Extractor, Overlord  
  41  3:54  Zergling x2  
  41  3:56  Zergling x6  
  41  4:01  Spine Crawler  
  39  4:16  Zergling x6  
  40  4:18  Roach  
  40  4:35  Evolution Chamber  
  39  4:42  Evolution Chamber  
  39  4:43  Roach x3  
  45  4:52  Roach x2  
  49  5:03  Drone x3  
  49  5:04  Overlord  
  52  5:24  Roach  
  52  5:25  Roach x3  
  60  5:31  Roach x2  
  50  5:36  Roach x3  
  50  5:39  Roach x2  
  57  5:43  Roach  
  59  5:51  Roach  
  59  5:55  Roach  
  53  6:12  Zergling x2  
  53  6:13  Zergling x4  
  56  6:19  Roach Warren  
  55  6:26  Zerg Missile Weapons Level 2  
  55  6:28  Drone x2  
  57  6:33  Extractor  
  56  6:49  Drone x4  
  56  6:53  Overseer  
  60  7:04  Glial Reconstitution  
  60  7:10  Overlord  
  60  7:14  Overlord  
  60  7:19  Overlord  
  60  7:20  Overlord  
  60  7:28  Drone  
  60  7:29  Drone  
  62  7:30  Drone x2  
  62  7:37  Drone  
  62  7:51  Roach  
  62  7:52  Roach x4  
  72  8:02  Queen  
  74  8:06  Roach  
  74  8:07  Roach x3  
  82  8:19  Roach x4  
  90  8:36  Roach  
  90  8:37  Overlord x2  
  92  8:42  Zerg Ground Armor Level 1  
  92  9:01  Roach  
  92  9:02  Roach x5  
  104  9:19  Ravager  
  104  9:20  Ravager  
  106  9:27  Roach  
  106  9:29  Overlord  
  106  9:30  Overlord  
  108  9:36  Hatchery  
  108  9:38  Ravager  
  108  9:40  Overlord  
  108  9:47  Extractor  
  107  9:59  Roach  
  113  10:00  Roach x6  
  121  10:09  Ravager  
  122  10:15  Roach x4  
  130  10:23  Drone x2  
  130  10:24  Overlord  
  132  10:44  Ravager  
  133  10:50  Zerg Ground Armor Level 2  
  133  10:52  Overlord  
  133  11:03  Roach x5  
  141  11:06  Ravager  
  142  11:12  Roach  
  142  11:13  Roach  
  110  11:37  Roach  
  110  11:38  Roach x7  
  113  11:57  Roach x3  
  113  11:58  Roach x2  
  123  12:13  Roach x4  
  131  12:26  Drone x2  
  133  12:39  Roach x6  
  145  12:52  Ravager x2  
  145  12:53  Ravager  
  148  13:01  Roach x3  
  154  13:07  Overseer  
  154  13:10  Overlord x3  
  152  13:19  Roach  
  154  13:31  Roach x5  
  164  13:40  Roach x2  
  168  13:47  Roach x3  
  152  13:55  Roach x2  
  124  14:00  Roach  
  124  14:01  Roach  
  98  14:09  Drone  
  87  14:32  Drone x6  
  91  14:47  Pneumatized Carapace  
  91  15:03  Roach  
  91  15:04  Roach x5  
  103  15:19  Roach x4, Overseer  
  111  15:28  Drone  
  112  15:36  Queen  
  114  15:47  Drone x2  
  116  15:50  Queen  
  118  15:59  Ravager  
  118  16:00  Ravager  
  120  16:07  Roach  
  98  16:18  Roach  
  98  16:19  Roach x6  
  98  16:23  Roach  
  63  16:40  Roach  
  63  16:41  Roach x4  
  63  16:47  Roach x2  
  67  16:51  Ravager  
  67  16:54  Roach  
  70  16:59  Roach x2  
  68  17:02  Ravager  
  68  17:04  Roach  
  67  17:11  Ravager  
  67  17:13  Roach  
  61  17:19  Ravager  
  61  17:20  Ravager  
  54  17:23  Roach  
  54  17:24  Roach  
  52  17:39  Drone x3  
  55  17:45  Drone  
  55  17:46  Drone x2  
  58  17:59  Drone  
  59  18:07  Hydralisk Den  
  59  18:12  Roach  
  59  18:13  Roach  
  61  18:33  Roach  
  71  18:34  Roach x4, Extractor  
  70  18:42  Lurker Den  
Tags
 
Add a new tag
Caveats
  • Supply blocks, unpowered buildings, or Contaminate may cause inaccurate times.
  • Supply counts are checked every 10 seconds.